 Dungeon Crawl Stone Soup version 0.20.1-1-g8b1a95d (webtiles) character file.

531 Gargoyl the Skirmisher (level 7, -10/61 HPs)
             Began as a Minotaur Abyssal Knight on July 10, 2017.
             Was a Believer of Lugonu.
             Mangled by a two-headed ogre
             ... wielding a +0 giant club
              (23 damage)
             ... on level 4 of the Dungeon.
             The game lasted 00:06:27 (2879 turns).

Gargoyl the Skirmisher (Minotaur Abyssal Knight)    Turns: 2879, Time: 00:06:28

Health: -10/61     AC: 15    Str: 16    XL:     7   Next: 3%
Magic:  8/8        EV:  6    Int:  9    God:    Lugonu [**....]
Gold:   158        SH:  3    Dex: 12    Spells: 6/6 levels left

rFire    + . .     SeeInvis .   j - +2 war axe
rCold    . . .     Gourm    .   v - +0 buckler
rNeg     . . .     Faith    .   d - +3 chain mail {rF+}
rPois    .         Spirit   .   (helmet restricted)
rElec    .         Reflect  .   (no cloak)
rCorr    .         Harm     .   r - +0 pair of gloves
MR       .....                  f - +0 pair of boots
Stlth    ..........             (no amulet)
Regen    0.2/turn               (no ring)
MPRegen  0.2/turn               (no ring)

@: very slightly contaminated, invisible
A: retaliatory headbutt, horns 2
a: Depart the Abyss, Bend Space, Renounce Religion


You were on level 4 of the Dungeon.
You worshipped Lugonu.
Lugonu was pleased with you.
You were not hungry.

You visited 1 branch of the dungeon, and saw 4 of its levels.
You visited the Abyss 1 time.

You collected 158 gold pieces.

Inventory:

Hand Weapons
 a - a +2 hand axe
 j - a +2 war axe (weapon)
Missiles
 o - 6 javelins (quivered)
Armour
 d - a +3 chain mail of fire resistance (worn)
 f - a +0 pair of boots (worn)
 q - a +1 chain mail of magic resistance
 r - a +0 pair of gloves (worn)
 v - a +0 buckler (worn)
Jewellery
 k - an uncursed amulet of rage {unknown}
 p - an uncursed ring of flight
Scrolls
 e - a scroll of magic mapping
 i - 3 scrolls of teleportation
 s - a scroll of identify
 u - a scroll of amnesia {unknown}
Potions
 g - 4 potions of curing {unknown}
 l - 2 potions of magic {unknown}
 n - a potion of lignification {unknown}
 t - a potion of brilliance {unknown}
 w - a potion of ambrosia {unknown}
Comestibles
 c - 3 bread rations
 h - 2 meat rations
 m - 6 fruits
 x - 4 chunks of flesh


   Skills:
 + Level 5.6 Fighting
 + Level 5.0 Axes
 * Level 4.7 Armour
 + Level 1.4 Dodging
 + Level 0.5 Shields
 * Level 2.6 Unarmed Combat
 * Level 3.1 Invocations


You had 6 spell levels left.
You didn't know any spells.

Dungeon Overview and Level Annotations

Branches:
Dungeon (4/15)
 Temple: D:4-7

Altars:


Innate Abilities, Weirdness & Mutations

You reflexively headbutt those who attack you in melee.
You have a pair of horns on your head.


Message History

You catch the helpless two-headed ogre completely off-guard!
You hit the two-headed ogre but do no damage.
Your headbutt misses the two-headed ogre.
The two-headed ogre is lightly wounded.
The two-headed ogre hits you but does no damage.
The two-headed ogre barely misses you.
You hit the two-headed ogre.
The two-headed ogre is lightly wounded.
The two-headed ogre hits you with a giant club!
The two-headed ogre hits you with a giant spiked club!
You closely miss the two-headed ogre.
The two-headed ogre is lightly wounded.
The two-headed ogre hits you with a giant club!
* * * LOW HITPOINT WARNING * * *
The two-headed ogre barely misses you.
You hit the two-headed ogre.
The two-headed ogre is lightly wounded.
The two-headed ogre closely misses you.
The two-headed ogre hits you with a giant spiked club!!
You die...

#.#........#
...........#
#..#........#
...###....###
#.#.# #....#
#.#.. #....##
#.#.....##
..........#
........@.#
≈..≈###.O.#
#≈≈# ..#.##
#≈≈#.⌠.#.# #≈
#...#.#
≈≈###(.# ≈≈≈
..# ≈≈ ..#


You could see a two-headed ogre.

Vanquished Creatures
  2 ogres (D:4)
  A hound (D:4)
  An orc wizard (D:4)
  An iguana (D:4)
  Terence (D:2)
  2 worker ants (D:4)
  4 gnolls
  8 adders
  An ooze (D:1)
  A worm (D:3)
  A dart slug (D:1)
  2 leopard geckos (D:3)
  6 orcs
  A ball python (D:4)
  6 giant cockroaches
  6 goblins
  7 hobgoblins
  5 jackals
  2 quokkas (D:3)
  5 bats
  A frilled lizard (D:2)
  A jackal skeleton (D:4)
  15 kobolds
  6 rats
86 creatures vanquished.

Notes
Turn   | Place    | Note
-------+----------+-------------------------------------------
     0 | Abyss:1  | Gargoyl the Minotaur Abyssal Knight began the quest for the Orb.
     0 | Abyss:1  | Reached XP level 1. HP: 19/19 MP: 1/1
    32 | Abyss:2  | Noticed a small abomination
    37 | D:1      | Escaped the Abyss
    97 | D:1      | Reached XP level 2. HP: 26/27 MP: 2/2
   135 | D:1      | Reached * piety under Lugonu
   181 | D:1      | Reached skill level 1 in Unarmed Combat
   272 | D:1      | Reached XP level 3. HP: 33/33 MP: 3/3
  1292 | D:2      | Reached XP level 4. HP: 41/41 MP: 4/4
  1371 | D:3      | Noticed Terence
  1396 | D:2      | Killed Terence
  1558 | D:3      | Reached XP level 5. HP: 32/47 MP: 5/5
  1676 | D:3      | Reached ** piety under Lugonu
  1715 | D:3      | Found a faded altar of an unknown god.
  2414 | D:3      | Reached skill level 5 in Fighting
  2444 | D:4      | Reached XP level 6. HP: 39/56 MP: 5/7
  2725 | D:4      | Reached skill level 5 in Axes
  2751 | D:4      | Reached XP level 7. HP: 47/61 MP: 8/8
  2871 | D:4      | Noticed a two-headed ogre
  2879 | D:4      | Mangled by a two-headed ogre

Skill      XL: |  1  2  3  4  5  6 |
---------------+-------------------+-----
Fighting       | 4 5 |  5.6
Unarmed Combat | 1 2 |  2.6
Invocations    | 2 3 |  3.1
Armour         | 3 4 |  4.7
Axes           | 3 4 5 |  5.0
Dodging        | |  1.4
Shields        | |  0.5

Action                   |  1- 3 |  4- 6 |  7- 9 || total
-------------------------+-------+-------+-------++-------
Melee: Hand axe          |    77 |       |       ||    77
       Headbutt          |     9 |    23 |       ||    32
       War axe           |    11 |   130 |     5 ||   146
Invok: Depart the Abyss  |     1 |       |       ||     1
  Use: Scroll            |     9 |     3 |       ||    12
       Potion            |       |       |     1 ||     1
 Stab: Invisible         |       |       |     1 ||     1
  Eat: Chunk             |     1 |     5 |     1 ||     7
Armor: Chain mail        |    69 |   116 |     1 ||   186
Dodge: Dodged            |    40 |    52 |     5 ||    97
Block: Buckler           |       |    14 |       ||    14
